 Dungeon Crawl Stone Soup version 0.28-a0-909-g796cbd3a86 (webtiles) character file.

Game seed: 4564882262081432354

2 croobank the Insei (level 1, -1/13 HPs)
             Began as an Octopode Transmuter on Nov 24, 2021.
             Slain by a gnoll (6 damage)
             ... on level 1 of the Dungeon.
             The game lasted 00:01:53 (255 turns).

croobank the Insei (Octopode Transmuter)             Turns: 255, Time: 00:01:54

Health: -1/13      AC:  1    Str:  9    XL:     1   Next: 40%
Magic:  2/3        EV: 13    Int: 15    God:
Gold:   0          SH:  0    Dex: 12    Spells: 3/4 levels left

rFire   . . .      SeeInvis .   b - +0 dagger
rCold   . . .      Faith    .   (no shield)
rNeg    . . .      Spirit   .   (helmet currently unavailable)
rPois   .          Reflect  .   (no amulet)
rElec   .          Harm     .   (no ring)
rCorr   .          Rampage  .   (no ring)
Will    .....                   (no ring)
Stlth   ++........              (no ring)
HPRegen 0.04/turn               (no ring)
MPRegen 0.08/turn               (no ring)
                                (no ring)
                                (no ring)

@: appendages (expiring)
A: tentacle spike 3, almost no armour, amphibious, 8 rings, camouflage 1,
gelatinous body 1, (nimble swimmer 1), tentacles
a: End Transformation


You were on level 1 of the Dungeon.
One of your tentacles had grown a beastly spike.
You visited 1 branch of the dungeon, and saw 1 of its levels.

Inventory:

Hand Weapons
 b - a +0 dagger (weapon)
Missiles
 a - 19 sling bullets
 d - 22 stones
Scrolls
 c - a scroll of identify {unknown}


   Skills:
 + Level 1.0 Fighting
 + Level 2.0 Dodging
 + Level 3.1 Unarmed Combat
 + Level 2.0 Spellcasting
 + Level 2.0 Transmutations


You had 3 spell levels left.
You knew the following spells:

 Your Spells              Type           Power      Damage    Failure   Level
a - Beastly Appendage     Tmut           14%        N/A       10%         1

Your spell library contained the following spells:

 Spells                   Type           Power      Damage    Failure   Level
 Wereblood                Tmut           7%         N/A       14%         2
 Spider Form              Tmut/Pois      4%         N/A       41%         3
 Ice Form                 Ice/Tmut       4%         N/A       82%         4


Dungeon Overview and Level Annotations

Branches:
Dungeon (1/15)

Altars:


Innate Abilities, Weirdness & Mutations

One of your tentacles has grown a beastly spike.
You cannot wear most types of armour.
You are amphibious.
You can wear up to eight rings at the same time.
Your skin changes colour to match your surroundings (Stealth+).
Your rubbery body absorbs attacks. (AC +1, EV +1)
((You are camouflaged near water. (Stealth+)))
You have tentacles for arms and can constrict up to eight enemies at once.


Message History

You kill the kobold!
Your tentacle spike disappears.
You start resting.
HP restored.
You see here a +0 dagger.
b - a +0 dagger
b - a +0 dagger (weapon)
c - a scroll labelled ATAASI HIXUPS
There are no items here.
You see here a +0 whip.
You see here 22 stones.
d - 22 stones A gnoll comes into view. It is wielding a +0 spear.
Okay, then.
A ball python comes into view.
A bat comes into view.
The gnoll shouts!
You hear an angry hiss.
A frilled lizard comes into view.
Casting: Beastly Appendage (safe; 10% risk of failure)
Confirm with . or Enter, or press ? or * to list all spells.
One of your tentacles grows a vicious spike.
The gnoll closely misses you.
You hit the bat. Your grab misses the bat.
The bat is moderately wounded.
The bat misses you.
The gnoll hits you from afar with a +0 spear!
Ouch! That really hurt!
Unknown command.
The bat closely misses you. The bat misses you. The bat barely misses you.
The bat barely misses you. x2
Your transformation is almost over.
The bat barely misses you.
You see here a rat skeleton.
You see here a hobgoblin skeleton.
You barely miss the bat. You grab the bat.
You pierce the bat.
You kill the bat!
The gnoll hits you from afar with a +0 spear.
You die...

#.....S.# #.......#
########.......#
#.........###+##
###############
#.).......+
..............#
#[........##
#############.#
#............#
#.#####...........#
#...@†.l..#.........
####.÷g...#.........
#......#######...
#......# ##
#.........
##########


You could see a gnoll and a frilled lizard.

Vanquished Creatures
  A hobgoblin (D:1)
  A bat (D:1)
  A kobold (D:1)
  A rat (D:1)
4 creatures vanquished.

Notes
Turn   | Place    | Note
-------+----------+-------------------------------------------
     0 | D:1      | croobank the Octopode Transmuter began the quest for the
                  | Orb.
     0 | D:1      | Reached XP level 1. HP: 13/13 MP: 3/3
   255 | D:1      | Slain by a gnoll

Illustrated notes

Levels and vault maps discovered:
D:1:      wheals_arrival_linesprint, layout_basic

Action                   || total
-------------------------++-------
Melee: Unarmed           ||    10
       Kick              ||     4
       Dagger            ||     2
       Constrict         ||     1
       Tentacles         ||     1
 Cast: Beastly Appendage ||     2
Armor: Skin              ||     1
Dodge: Dodged            ||    14

Table legend: (Time is in decaauts)
 A = Elapsed time spent in this place.
 B = Non-inter-level travel time spent in this place.
 C = Inter-level travel time spent in this place.
 D = Time resting spent in this place.
 E = Time spent auto-exploring this place.
 F = Levels seen in this place.
 G = Mean time per level.
                   A        B        C        D        E       F      G
               +--------+--------+--------+--------+--------+-----+--------+
         Total |    254 |    254 |      0 |    177 |     23 |   1 |  254.0 |
       Dungeon |    254 |    254 |      0 |    177 |     23 |   1 |  254.0 |
               +--------+--------+--------+--------+--------+-----+--------+

Top non-repeatable levels by time:
     D:1: 254 daAuts
